 Dungeon Crawl Stone Soup version 0.22.0-16-gc6d26f6 (webtiles) character file.

7324 shmeve the Blocker (level 10, -8/92 HPs)
             Began as a Minotaur Berserker on Aug 17, 2018.
             Was an Elder of Trog.
             Mangled by a manticore (9 damage)
             ... on level 11 of the Dungeon.
             The game lasted 00:27:10 (10263 turns).

shmeve the Blocker (Minotaur Berserker)            Turns: 10263, Time: 00:27:12

Health: -8/92      AC: 15    Str: 25    XL:     10   Next: 90%
Magic:  9/9        EV:  8    Int:  4    God:    Trog [****..]
Gold:   725        SH: 12    Dex: 10    Spells: 9/9 levels left

rFire    + . .     SeeInvis +   D - +0 war axe
rCold    . . .     Gourm    .   C - +0 shield
rNeg     . . .     Faith    .   m - +0 plate armour
rPois    .         Spirit   .   (helmet restricted)
rElec    .         Reflect  .   (no cloak)
rCorr    .         Harm     .   j - +0 pair of gloves
MR       ++...                  u - +0 pair of boots
Stlth    ..........             (no amulet)
HPRegen  1.25/turn              n - ring of see invisible
MPRegen  0.11/turn              r - ring of protection from fire

@: about to teleport, barbed spikes, regenerating
A: retaliatory headbutt, horns 2
a: Berserk, Trog's Hand, Brothers in Arms, Renounce Religion


You were on level 11 of the Dungeon.
You worshipped Trog.
Trog was greatly pleased with you.
You were hungry.

You visited 2 branches of the dungeon, and saw 12 of its levels.

You collected 725 gold pieces.

Inventory:

Hand Weapons
 D - a +0 war axe (weapon)
Missiles
 A - a throwing net
 F - 8 poisoned javelins (quivered)
Armour
 j - a +0 pair of gloves (worn)
 m - a +0 plate armour (worn)
 u - a +0 pair of boots (worn)
 C - a +0 shield (worn)
Jewellery
 n - a ring of see invisible (left hand)
 r - a ring of protection from fire (right hand)
Wands
 k - a wand of digging (17)
 t - a wand of iceblast (6)
 G - a wand of polymorph (13)
Scrolls
 d - 2 scrolls of immolation
 g - 6 scrolls of teleportation
 i - 16 scrolls of identify
 q - 2 scrolls of remove curse
 v - a scroll of holy word {unknown}
 w - 4 scrolls of magic mapping {unknown}
 y - a scroll of fog {unknown}
 z - a scroll of brand weapon {unknown}
 B - 3 scrolls of enchant weapon {unknown}
 E - 2 scrolls of fear
 I - a scroll of random uselessness {unknown}
Potions
 b - a potion of agility {unknown}
 e - 7 potions of haste
 f - 3 potions of ambrosia {unknown}
 h - a potion of lignification {unknown}
 l - 2 potions of berserk rage {unknown}
 o - 4 potions of might {unknown}
 p - 2 potions of magic {unknown}
 s - a potion of heal wounds
 x - a potion of cancellation {unknown}
 H - a potion of degeneration {unknown}
Comestibles
 a - 4 chunks of flesh
 c - 19 rations


   Skills:
 * Level 9.7 Fighting
 * Level 9.7 Axes
 + Level 5.1 Throwing
 + Level 6.7 Armour
 + Level 6.0 Dodging
 * Level 11.1 Shields


You had 9 spell levels left.
You didn't know any spells.
Your spell library was empty.

Dungeon Overview and Level Annotations

Branches:
Dungeon (11/15)            Temple (1/1) D:4            Lair (0/6) D:10
    Orc: D:9-12

Altars:
Cheibriados
Dithmenos
Elyvilon
Kikubaaqudgha
Makhleb
Okawaru
Qazlal
Ru
Sif Muna
Trog
Vehumet
Xom
Yredelemnul
Zin
The Shining One

Shops:
D:4 *


Innate Abilities, Weirdness & Mutations

You reflexively headbutt those who attack you in melee.
You have a pair of horns on your head.


Message History

You nearly stumble into some deep water!
You feel less confused.
You hear a shout!
The orc wizard gestures wildly while chanting.
The orc wizard flickers and vanishes for a moment.
You block the orc warrior's attack. You block the orc wizard's attack.
You hear a shout!
As you read the scroll of teleportation, it crumbles to dust.
You feel strangely unstable. The orc warrior closely misses you.
The orc wizard hits you with a dagger.
* * * LOW HITPOINT WARNING * * *
You block the manticore's attack. x3
Your skin crawls.
You feel resistant to hostile enchantments.
You are feeling hungry.
The orc wizard hits you but does no damage.
The manticore bites you!
* * * LOW HITPOINT WARNING * * *
The manticore claws you!
You die... .... #≈≈... .o. oo....

..##≈≈o### .#.≈≈...#
##############'o≈≈o..###
≈≈≈≈≈≈≈≈≈≈≈≈≈≈≈≈8≈o.....
≈≈≈≈≈≈≈≈≈≈≈≈≈≈≈≈H8......
................@oD.....
.......#.########o......
#####....# .......
....#..### .....##
..†.#..# .....# ....'..#
.....# ....#..######
.....# ....#........
.....# #####........


You could see a manticore, a steam dragon, an orc warrior, an orc priest, 3 orc
wizards and 4 orcs.

Vanquished Creatures
  2 two-headed ogres (D:10)
  Pikel (D:5)
  A troll (D:9)
  2 hippogriffs
  A hungry ghost (D:9)
  3 vampire mosquitoes (D:11)
  A steam dragon (D:10)
  A warg (D:10)
  Duvessa (D:5)
  5 orc warriors
  An ice beast (D:9)
  4 slaves (D:5)
  9 ogres
  A black bear (D:8)
  A phantom (D:9)
  2 necrophages
  2 centaurs
  A big kobold (D:10)
  3 bullfrogs
  Dowan (D:5)
  A scorpion (D:8)
  A water moccasin skeleton (D:8)
  2 wights (D:7)
  4 howler monkeys
  9 crimson imps
  2 quasits
  3 hounds
  4 jellies
  A bullfrog zombie (D:5)
  6 orc priests
  8 orc wizards
  3 bullfrog skeletons
  A centaur skeleton (D:4)
  2 iguanas
  8 worker ants
  2 mummies (D:7)
  A howler monkey zombie (D:10)
  A worker ant zombie (D:10)
  Robin (D:4)
  7 adders
  5 shadow imps
  2 oozes
  An adder zombie (D:5)
  3 adder skeletons
  3 worms
  3 dart slugs
  10 leopard geckos
  26 orcs
  6 giant cockroaches
  18 goblins
  10 hobgoblins
  14 jackals
  16 kobolds
  3 quokkas
  2 ball pythons
  11 bats
  A frilled lizard (D:3)
  A jackal skeleton (D:6)
  A leopard gecko skeleton (D:5)
  A quokka zombie (D:8)
  4 rats
251 creatures vanquished.

Notes
Turn   | Place    | Note
-------+----------+-------------------------------------------
     0 | D:1      | shmeve the Minotaur Berserker began the quest for the Orb.
     0 | D:1      | Reached XP level 1. HP: 19/19 MP: 0/0
   131 | D:1      | Reached XP level 2. HP: 21/27 MP: 1/1
   536 | D:1      | Reached XP level 3. HP: 33/33 MP: 2/2
   716 | D:2      | Found a snail-covered altar of Cheibriados.
   718 | D:2      | Reached ** piety under Trog
   760 | D:2      | Found a stormy altar of Qazlal.
   826 | D:2      | Reached skill level 1 in Throwing
   899 | D:2      | Found a deep blue altar of Sif Muna.
  1345 | D:3      | Reached XP level 4. HP: 28/41 MP: 3/3
  1695 | D:3      | Noticed a bullfrog
  1701 | D:3      | Killed a bullfrog
  1701 | D:3      | Reached skill level 5 in Fighting
  1701 | D:3      | Reached skill level 5 in Axes
  1701 | D:3      | Reached XP level 5. HP: 33/48 MP: 4/4
  2090 | D:3      | Found a shadowy altar of Dithmenos.
  2365 | D:3      | Reached XP level 6. HP: 56/56 MP: 5/5
  2744 | D:3      | Reached *** piety under Trog
  2769 | D:3      | Found a burning altar of Makhleb.
  2924 | D:4      | Found a radiant altar of Vehumet.
  3168 | D:4      | Found Ogaph's Assorted Antiques.
  3223 | D:4      | Noticed Robin
  3236 | D:4      | Killed Robin
  3434 | D:4      | Got a jewelled leather armour
  3445 | D:4      | Identified the cursed +0 leather armour of Miracles {Slay+2} (You found it on level 4 of the Dungeon)
  3578 | D:4      | Found a staircase to the Ecumenical Temple.
  3582 | D:4      | Reached XP level 7. HP: 63/63 MP: 6/6
  3586 | Temple   | Entered the Ecumenical Temple
  3705 | D:5      | Entered Level 5 of the Dungeon
  3805 | D:5      | Noticed Duvessa
  3807 | D:5      | Noticed Dowan
  3817 | D:5      | Killed Duvessa
  3820 | D:5      | Killed Dowan
  4274 | D:5      | Noticed Pikel
  4293 | D:5      | Killed Pikel
  4293 | D:5      | Reached skill level 5 in Armour
  4293 | D:5      | Reached XP level 8. HP: 33/74 MP: 7/7
  5100 | D:6      | Found a sacrificial altar of Ru.
  5907 | D:7      | Reached skill level 5 in Dodging
  6090 | D:7      | Found an ancient bone altar of Kikubaaqudgha.
  6122 | D:7      | Reached **** piety under Trog
  6226 | D:7      | Reached XP level 9. HP: 68/82 MP: 8/8
  6287 | D:7      | Found an iron altar of Okawaru.
  6352 | D:7      | Reached skill level 1 in Shields
  6454 | D:7      | Reached skill level 2 in Shields
  6626 | D:7      | Found a bloodstained altar of Trog.
  6751 | D:7      | Reached skill level 3 in Shields
  6899 | D:8      | Reached skill level 4 in Shields
  6930 | D:8      | Received a gift from Trog
  6930 | D:8      | Reached skill level 5 in Shields
  7170 | D:8      | Reached skill level 6 in Shields
  7544 | D:8      | Found a white marble altar of Elyvilon.
  7652 | D:8      | Reached skill level 7 in Shields
  7813 | D:9      | Noticed a troll
  7831 | D:9      | Killed a troll
  7831 | D:9      | Reached skill level 8 in Shields
  8144 | D:9      | Reached skill level 9 in Shields
  8147 | D:9      | Received a gift from Trog
  8210 | D:9      | Found a glowing silver altar of Zin.
  8210 | D:9      | Found a shimmering altar of Xom.
  8210 | D:9      | Noticed an angel
  8267 | D:9      | Reached XP level 10. HP: 88/90 MP: 9/9
  8387 | D:9      | Found an iron altar of Okawaru.
  8630 | D:9      | Reached skill level 10 in Shields
  8893 | D:9      | Found a deep blue altar of Sif Muna.
  8976 | D:10     | Entered Level 10 of the Dungeon
  8982 | D:10     | Noticed a two-headed ogre
  8990 | D:10     | Killed a two-headed ogre
  9499 | D:10     | Received a gift from Trog
  9583 | D:10     | Noticed a two-headed ogre
  9591 | D:10     | Killed a two-headed ogre
  9692 | D:10     | Found a staircase to the Lair.
  9878 | D:10     | Reached skill level 5 in Throwing
 10153 | D:11     | Reached skill level 11 in Shields
 10252 | D:11     | Noticed a manticore
 10263 | D:11     | HP: 1/92 [manticore (14)]
 10263 | D:11     | Mangled by a manticore

Skill      XL: |  1  2  3  4  5  6  7  8  9 10 |
---------------+-------------------------------+-----
Fighting       | 4 5 6 7 8 9 |  9.7
Axes           | 4 5 6 7 8 9 |  9.7
Throwing       | 1 2 3 4 5 |  5.1
Armour         | 3 5 6 |  6.7
Dodging        | 3 4 5 6 |  6.0
Shields        | 9 11 | 11.1

Action                   |  1- 3 |  4- 6 |  7- 9 | 10-12 || total
-------------------------+-------+-------+-------+-------++-------
Melee: Hand axe          |    78 |   115 |   299 |    31 ||   523
       Headbutt          |    15 |    14 |    59 |    29 ||   117
       War axe           |       |       |       |   133 ||   133
Throw: Stone             |       |    83 |   116 |       ||   199
       Tomahawk          |       |       |     5 |     1 ||     6
       Javelin           |       |       |       |     2 ||     2
Invok: Berserk           |       |     2 |     5 |     2 ||     9
       Trog's Hand       |       |       |       |     1 ||     1
  Use: Scroll            |       |       |     5 |     1 ||     6
 Stab: Sleeping          |     1 |       |       |       ||     1
  Eat: Chunk             |     1 |     9 |    20 |     8 ||    38
       Ration            |       |       |     1 |       ||     1
Armor: Animal skin       |    12 |    22 |       |       ||    34
       Leather armour    |       |     1 |    40 |       ||    41
       Plate armour      |       |       |    57 |    59 ||   116
Dodge: Dodged            |    69 |    86 |   133 |    42 ||   330
Block: Shield            |       |       |    64 |   114 ||   178
